Map: 캑터스 밸리 - 래더 (공허)

Players

aLive - Winner!

  • Race: Terran Terran
  • League: Master
  • Spawn Location: 7:00

Stats

  • Race: Protoss Protoss
  • League: Master
  • Spawn Location: 11:00

Event: IEM XI Katowice - World Championship 2017

VOD

Have the link to the VOD?

Description

Time

  • Played on: March 2, 2017, 5:46 a.m.
  • Length: 9:30

All games in this series

Show
View Real Time Build Order
Export as new Build Order

aLive Terran - Winner!

Build Orders: Reaper Expand, MMM Bio 

Get SALT Encoding   

  12  0:00  SCV  
  13  0:12  SCV  
  14  0:17  Supply Depot  
  14  0:24  SCV  
  15  0:38  SCV  
  15  0:41  Barracks  
  16  0:43  Refinery  
  16  0:50  SCV  
  17  1:02  SCV  
  18  1:15  SCV  
  19  1:28  Reaper, Orbital Command  
  20  1:41  Command Center  
  20  1:53  SCV  
  21  1:56  Barracks  
  21  2:00  Barracks Reactor  
  21  2:05  SCV  
  22  2:09  Barracks  
  22  2:16  Supply Depot  
  22  2:17  SCV  
  23  2:37  Marine  
  23  2:38  Marine, SCV  
  26  2:49  Marine  
  26  2:50  SCV  
  27  2:55  Marine x2  
  27  2:57  Supply Depot x2, Marine  
  29  3:05  SCV  
  30  3:08  Marine  
  31  3:17  Command Center  
  31  3:18  Marine x3  
  34  3:22  SCV  
  34  3:26  Marine  
  36  3:34  SCV  
  39  3:42  Barracks Tech Lab  
  39  3:43  Marine x2  
  39  3:46  SCV, Engineering Bay  
  39  3:47  Refinery  
  40  3:53  Barracks Reactor  
  40  3:58  SCV  
  40  4:01  Marine x2, Stimpack  
  40  4:02  Marine  
  44  4:10  SCV  
  44  4:16  Terran Infantry Weapons Level 1  
  45  4:22  Marine, SCV  
  47  4:27  Supply Depot  
  47  4:28  Marine x2  
  48  4:38  SCV x2  
  47  4:42  Marine x3  
  47  4:46  Marine  
  47  4:50  SCV  
  46  4:57  Marauder  
  46  5:01  Marine x3  
  46  5:02  SCV  
  46  5:04  Marine  
  51  5:11  Orbital Command  
  51  5:15  SCV  
  51  5:19  Marauder  
  54  5:23  Marine  
  54  5:24  Marine x3  
  58  5:30  SCV  
  58  5:34  Factory  
  59  5:37  Supply Depot, SCV  
  60  5:43  SCV  
  60  5:46  Marine x4  
  60  5:48  Marine  
  66  5:53  SCV  
  66  5:55  Supply Depot, SCV  
  68  6:03  Combat Shields  
  68  6:07  Marine x5  
  73  6:14  Terran Infantry Armor Level 1  
  73  6:19  Starport, Factory Reactor  
  73  6:20  Supply Depot  
  61  6:34  Marine x3  
  61  6:36  Marine  
  65  6:43  Marauder  
  65  6:45  SCV x2  
  65  6:46  Supply Depot, Refinery  
  69  6:47  Refinery  
  69  6:53  Marine x3  
  69  6:54  Marine  
  67  7:04  Marauder  
  65  7:08  Barracks  
  65  7:10  Factory Reactor  
  65  7:11  Medivac x2  
  65  7:12  SCV x2  
  65  7:15  Marine x4  
  73  7:16  Barracks  
  74  7:25  Marauder  
  74  7:26  Supply Depot  
  76  7:31  Concussive Shells  
  76  7:33  Marine x3  
  76  7:34  Marine  
  79  7:47  Marauder  
  79  7:50  Medivac x2  
  85  7:54  Marine x4  
  85  7:57  Widow Mine x2, Barracks Tech Lab  
  93  8:04  Barracks Tech Lab, Command Center  
  93  8:07  Supply Depot, SCV x2  
  93  8:08  Supply Depot  
  93  8:12  Marauder  
  96  8:20  Marine x4  
  96  8:21  Marauder  
  96  8:24  Marauder  
  104  8:33  Marauder  
  106  8:41  Marine x3  
  106  8:42  Marine  
  110  8:49  Marauder x2  
  97  9:10  Marine x3  
  97  9:11  Marine  
Show
View Real Time Build Order
Export as new Build Order

Stats Protoss 

Build Orders: Colossus Rush 

Get SALT Encoding   

  12  0:08  Pylon  
  12  0:13  Probe (Chrono Boost)  
  13  0:23  Probe (Chrono Boost)  
  14  0:30  Gateway  
  14  0:35  Probe (Chrono Boost)  
  15  0:40  Assimilator  
  15  0:45  Probe (Chrono Boost)  
  16  0:56  Probe (Chrono Boost)  
  17  1:06  Probe (Chrono Boost)  
  18  1:17  Cybernetics Core, Probe (Chrono Boost)  
  21  1:18  Zealot  
  21  1:23  Pylon  
  21  1:27  Probe (Chrono Boost)  
  22  1:38  Probe (Chrono Boost)  
  23  1:52  Adept  
  23  1:53  Mothership Core (Chrono Boost)  
  27  2:12  Nexus  
  27  2:17  Warp Gate  
  27  2:18  Probe (Chrono Boost)  
  27  2:20  Adept  
  28  2:29  Assimilator  
  30  2:33  Probe (Chrono Boost)  
  30  2:44  Pylon  
  30  2:50  Probe (Chrono Boost)  
  29  3:00  Probe (Chrono Boost)  
  29  3:04  Robotics Facility  
  30  3:11  Probe (Chrono Boost)  
  31  3:21  Probe (Chrono Boost)  
  31  3:22  Gateway  
  32  3:31  Gateway  
  32  3:35  Probe (Chrono Boost)  
  32  3:38  Probe (Chrono Boost)  
  34  3:49  Observer, Probe (Chrono Boost)  
  34  3:50  Probe (Chrono Boost)  
  34  3:55  Pylon  
  37  3:59  Probe (Chrono Boost)  
  37  4:02  Probe (Chrono Boost)  
  39  4:04  Pylon  
  39  4:10  Probe (Chrono Boost)  
  39  4:13  Observer  
  39  4:14  Probe (Chrono Boost)  
  42  4:21  Probe (Chrono Boost)  
  43  4:24  Stalker  
  43  4:26  Probe (Chrono Boost)  
  44  4:32  Stalker x2  
  39  4:41  Probe (Chrono Boost)  
  39  4:43  Probe (Chrono Boost)  
  36  4:55  Probe (Chrono Boost)  
  36  4:57  Probe (Chrono Boost)  
  38  5:00  Robotics Bay  
  38  5:06  Probe (Chrono Boost)  
  39  5:08  Probe (Chrono Boost)  
  40  5:16  Probe (Chrono Boost)  
  40  5:19  Probe (Chrono Boost)  
  40  5:20  Sentry x2  
  40  5:21  Adept  
  48  5:27  Assimilator, Probe (Chrono Boost)  
  48  5:29  Assimilator  
  48  5:30  Probe (Chrono Boost)  
  49  5:38  Pylon  
  49  5:42  Probe x2 (Chrono Boost)  
  51  5:46  Colossus  
  51  5:53  Probe (Chrono Boost)  
  51  5:54  Probe (Chrono Boost)  
  59  6:02  Pylon  
  59  6:03  Probe (Chrono Boost)  
  60  6:06  Probe (Chrono Boost), Extended Thermal Lance  
  61  6:12  Pylon  
  61  6:15  Probe (Chrono Boost)  
  63  6:18  Probe (Chrono Boost)  
  63  6:21  Adept  
  58  6:33  Adept x2  
  46  6:45  Probe x2 (Chrono Boost)  
  42  6:56  Colossus  
  42  6:57  Probe x2 (Chrono Boost)  
  50  7:09  Pylon, Probe x2 (Chrono Boost)  
  50  7:19  Probe x2 (Chrono Boost)  
  52  7:28  Sentry x2  
  58  7:30  Probe x2 (Chrono Boost)  
  58  7:36  Pylon  
  58  7:40  Probe (Chrono Boost)  
  58  7:41  Probe (Chrono Boost)  
  60  7:48  Colossus  
  60  7:51  Probe (Chrono Boost)  
  62  7:54  Probe (Chrono Boost)  
  62  7:58  Gateway  
  68  8:01  Probe (Chrono Boost), Gateway  
  70  8:06  Probe (Chrono Boost)  
  70  8:08  Adept  
  70  8:09  Adept  
  74  8:17  Pylon  
  74  8:25  Pylon  
  74  8:27  Pylon  
  74  8:35  Zealot x2  
  70  8:52  Adept  
  70  8:53  Adept x2  
  57  9:03  Adept  
  57  9:04  Adept  
  56  9:19  Sentry x2  
  56  9:20  Sentry  
  62  9:25  Adept x2  

Tags
 
Add a new tag
Caveats
  • Supply blocks, unpowered buildings, or Contaminate may cause inaccurate times.
  • Supply counts are checked every 10 seconds.